 Dungeon Crawl Stone Soup version 0.30-a0-756-gc2185399d4 (webtiles) character file.

Game seed: 6825745175491706170

5818 epen the Thrower (level 10, -1/76 HPs)
             Began as a Gnoll Wanderer on Feb 9, 2023.
             Was a Believer of Cheibriados.
             Slain by an eight-headed hydra (9 damage)
             ... on level 7 of the Dungeon.
             The game lasted 00:12:37 (6950 turns).

epen the Thrower (Gnoll Wanderer)                   Turns: 6950, Time: 00:12:37

Health: -1/76      AC: 11    Str: 16    XL:     10   Next: 80%
Magic:  21/21      EV: 15    Int: 17    God:    Cheibriados [**....]
Gold:   342        SH:  0    Dex: 18    Spells: 23/24 levels left

rFire   . . .      SeeInvis .    H - +5 trident
rCold   . . .      Faith    .    (no shield)
rNeg    . . .      Spirit   .    n - +0 troll leather armour
rPois   .          Reflect  .    (no helmet)
rElec   .          Harm     .    (no cloak)
rCorr   +          Rampage  .    c - +0 pair of gloves
Will    .....                    j - +0 pair of boots
Stlth   ++++                     k - amulet of regeneration
HPRegen 1.92/turn                t - +4 ring of protection
MPRegen 0.17/turn                w - ring of resist corrosion

@: mighty, invisible, very slow
A: fangs 1, strong nose, distributed training
a: Renounce Religion, Bend Time


You were on level 7 of the Dungeon.
You worshipped Cheibriados.
Cheibriados was pleased with you.
You visited 2 branches of the dungeon, and saw 8 of its levels.

You collected 342 gold pieces.

Inventory:

Hand Weapons
 a - a +2 dagger
 d - a +3 spear of freezing
 l - a +2 dagger of venom
 H - a +5 trident (weapon)
Missiles
 b - a curare-tipped dart (quivered)
 o - 7 poisoned darts
Armour
 c - a +0 pair of gloves (worn)
 e - a +0 leather armour
 j - a +0 pair of boots (worn)
 n - a +0 troll leather armour (worn)
 B - +0 steam dragon scales
Jewellery
 k - an amulet of regeneration (around neck)
 q - an amulet of the acrobat
 t - a +4 ring of protection (left hand)
 u - a ring of fire
 w - a ring of resist corrosion (right hand)
 z - a ring of protection from cold
 A - a +6 ring of intelligence
 D - a ring of magical power
 G - an amulet of guardian spirit
Wands
 p - a wand of charming (10)
Scrolls
 i - 3 scrolls of identify
 m - 2 scrolls of immolation
 s - a scroll of fear
 y - a scroll of enchant armour {unknown}
 C - a scroll of enchant weapon
Potions
 f - 2 potions of degeneration
 g - 3 potions of flight
 r - 3 potions of curing
 x - a potion of magic {unknown}
 E - a potion of berserk rage {unknown}


   Skills:
 + Level 5.8 Fighting
 + Level 5.8 Short Blades
 + Level 5.8 Long Blades
 + Level 5.8 Axes
 + Level 5.8 Maces & Flails
 + Level 5.8 Polearms
 + Level 5.8 Staves
 + Level 5.8 Ranged Weapons
 + Level 8.9 Throwing
 + Level 5.8 Armour
 + Level 5.8 Dodging
 + Level 8.4 Stealth
 + Level 5.8 Shields
 + Level 5.8 Unarmed Combat
 + Level 7.8 Spellcasting
 + Level 4.8 Conjurations
 + Level 4.8 Hexes
 + Level 5.3 Summonings
 + Level 4.8 Necromancy
 + Level 4.8 Translocations
 + Level 4.8 Transmutations
 + Level 4.8 Fire Magic
 + Level 4.8 Ice Magic
 + Level 4.8 Air Magic
 + Level 4.8 Earth Magic
 + Level 4.8 Poison Magic
 + Level 7.0 Invocations
 + Level 5.8 Evocations


You had 23 spell levels left.
You knew the following spells:

 Your Spells              Type           Power      Damage    Failure   Level
a - Summon Small Mammal   Summ           96%        N/A       1%          1

Your spell library contained the following spells:

 Spells                   Type           Power      Damage    Failure   Level
 Slow                     Hex            92%        N/A       1%          1
 Momentum Strike          Conj/Tloc      46%        3d9       2%          2
 Summon Guardian Golem    Hex/Summ       23%        N/A       4%          3
 Confusing Touch          Hex            23%        N/A       5%          3
 Ignite Poison            Fire/Tmut/Pois 23%        N/A       5%          3
 Kindle Blastsparks       Fire/Tloc/Air  46%        2d13      5%          3
 Vampiric Draining        Necr           23%        2d7       5%          3
 Freezing Cloud           Conj/Ice/Air   11%        6-21      43%         5
 Starburst                Conj/Fire      11%        6d5       95%         6
 Spellforged Servitor     Conj/Summ      11%        N/A       100%        7


Dungeon Overview and Level Annotations

Branches:
Dungeon (7/15)             Temple (1/1) D:6

Altars:
Ashenzari
Cheibriados
Dithmenos
Elyvilon
Fedhas
Gozag
Hepliaklqana
Kikubaaqudgha
Makhleb
Okawaru
Qazlal
Sif Muna
Trog
Uskayaw
Vehumet
Wu Jian
Xom
The Shining One

Shops:
D:2 =   D:6 :   D:7 *

Annotations:
D:6 exclusion: oklob plant
D:7 2 exclusions


Innate Abilities, Weirdness & Mutations

You have very sharp teeth.
Your uncanny sense of smell can sniff out nearby items.
Your experience applies equally to all skills.


Message History

The troll dies!
The cyclops closely misses you.
You are too injured to fight recklessly!
You are too injured to fight recklessly!
You are too injured to fight recklessly!
You are too injured to fight recklessly!
You puncture the cyclops! You bite the cyclops!
The cyclops is moderately wounded.
You completely miss the cyclops.
The cyclops is moderately wounded.
You barely miss the cyclops. You bite the cyclops!
The cyclops is heavily wounded.
The cyclops barely misses you.
You puncture the cyclops! You bite the cyclops!
The cyclops is almost dead.
The cyclops closely misses you.
You puncture the cyclops!
You kill the cyclops!
Your Invocations skill increases to level 7!
You puncture the eight-headed hydra! You punch the eight-headed hydra!
The eight-headed hydra is moderately wounded.
The eight-headed hydra barely misses you. x2
The eight-headed hydra bites you.
The eight-headed hydra closely misses you.
The eight-headed hydra bites you.
The eight-headed hydra closely misses you.
The eight-headed hydra bites you!
* * * LOW HITPOINT WARNING * * *
The eight-headed hydra closely misses you.
You barely miss the eight-headed hydra.
Your bite misses the eight-headed hydra.
The eight-headed hydra is moderately wounded.
The eight-headed hydra roars!
The eight-headed hydra closely misses you.
The eight-headed hydra misses you.
The eight-headed hydra bites you but does no damage.
The eight-headed hydra bites you!
* * * LOW HITPOINT WARNING * * *
The eight-headed hydra misses you. x2; The eight-headed hydra bites you!
You die...

.########.########.##..##.#..####
.................................
......###############............
##.#### #######.###..#.# .....#
####...# ♣.♣ #...(. .♣.♣.# #.C'h♣
#♣♣.♣♣#..... .♣.♣.# ∆+)T.#.♣
#..♣..#.#..# .♣♣♣.#
######.♣h#♣♣.♣♣#.#... .♣♣♣.#
#...@D...# ♣.♣ #..... #♣.♣##
#.######## ♣.♣ #.##.. ♣♣.♣
♣♣♣♣♣♣♣.♣♣♣♣♣♣♣#♣♣.♣♣#.##.. ♣.♣♣
♣......♣......♣#.♣♣.♣#.##.< ♣♣.♣♣
♣.~P..###...~.♣#..♣♣.#..... ♣♣♣.♣
♣.....#.#.....♣#♣..♣.#.#...
♣.†.♣#♣.....#.#.....♣ ♣♣...#.#.##
.###.#♣.............♣ ♣♣..#...##
.#.#.♣♣.###.....###.♣♣♣♣♣♣.#...##


You could see an eight-headed hydra (wandering, unable to see you) and a black
bear (unable to see you).

Vanquished Creatures
  Pikel (D:7)
  A deep elf pyromancer (D:7)
  A cyclops (D:7)
  A manticore (D:7)
  Maggie (D:7)
  An unseen horror (D:7)
  A troll (D:7)
  Grinder (D:6)
  A wyvern (D:7)
  A steam dragon (D:6)
  An orc warrior (D:7)
  3 sky beasts (D:7)
  2 ice beasts
  2 black bears
  An ogre (D:5)
  3 phantoms
  A centaur (D:7)
  A bullfrog (D:7)
  4 necrophages
  2 scorpions (D:7)
  9 wights
  2 howler monkeys
  7 hounds
  A jelly (D:4)
  A gnoll bouda (D:7)
  4 orc priests
  4 iguanas
  3 orc wizards
  9 adders
  13 gnolls
  2 ufetubi
  4 worms
  A dart slug (D:4)
  19 orcs
  7 ball pythons
  8 endoplasms
  5 giant cockroaches
  7 goblins
  4 hobgoblins
  6 jackals
  4 kobolds
  3 quokkas
  6 bats
  2 frilled lizards (D:2)
  7 rats
168 creatures vanquished.

Vanquished Creatures (collateral kills)
  An adder (D:5)
1 creature vanquished.

Vanquished Creatures (others)
  A troll (D:7)
  39 plants (D:7)
40 creatures vanquished.

Grand Total: 209 creatures vanquished

Notes
Turn   | Place    | Note
-------+----------+-------------------------------------------
     0 | D:1      | epen the Gnoll Wanderer began the quest for the Orb.
     0 | D:1      | epen set off with the following items: a +2 dagger, a
                  | curare-tipped dart, a +0 pair of gloves, a potion of heal
                  | wounds, a +0 leather armour; and the following spell
                  | memorised: Summon Small Mammal; and the following spells
                  | available to memorise: Summon Guardian Golem.
     0 | D:1      | Reached XP level 1. HP: 13/13 MP: 6/6
   264 | D:1      | Reached XP level 2. HP: 19/19 MP: 7/7
   694 | D:1      | You fall into a shaft and drop 1 floor!
   749 | D:1      | Reached skill level 5 in Spellcasting
   749 | D:1      | Reached XP level 3. HP: 25/25 MP: 7/9
  1191 | D:2      | Reached skill level 1 in Fighting
  1191 | D:2      | Reached skill level 1 in Short Blades
  1191 | D:2      | Reached skill level 1 in Long Blades
  1191 | D:2      | Reached skill level 1 in Axes
  1191 | D:2      | Reached skill level 1 in Maces & Flails
  1191 | D:2      | Reached skill level 1 in Polearms
  1191 | D:2      | Reached skill level 1 in Staves
  1191 | D:2      | Reached skill level 1 in Ranged Weapons
  1191 | D:2      | Reached skill level 1 in Armour
  1191 | D:2      | Reached skill level 1 in Dodging
  1191 | D:2      | Reached skill level 1 in Shields
  1191 | D:2      | Reached skill level 1 in Unarmed Combat
  1191 | D:2      | Reached skill level 1 in Evocations
  1272 | D:2      | Got the Vellum of Blasted Blight
  1337 | D:2      | Found Icza's Jewellery Boutique.
  1376 | D:2      | Reached XP level 4. HP: 25/32 MP: 11/11
  2356 | D:3      | Reached skill level 1 in Conjurations
  2356 | D:3      | Reached skill level 1 in Hexes
  2356 | D:3      | Reached skill level 1 in Necromancy
  2356 | D:3      | Reached skill level 1 in Translocations
  2356 | D:3      | Reached skill level 1 in Transmutations
  2356 | D:3      | Reached skill level 1 in Fire Magic
  2356 | D:3      | Reached skill level 1 in Ice Magic
  2356 | D:3      | Reached skill level 1 in Air Magic
  2356 | D:3      | Reached skill level 1 in Earth Magic
  2356 | D:3      | Reached skill level 1 in Poison Magic
  2419 | D:4      | Reached XP level 5. HP: 37/37 MP: 12/12
  2574 | D:4      | Noticed a moth of wrath
  2577 | D:4      | Found a bloodstained altar of Trog.
  3011 | D:4      | Reached XP level 6. HP: 36/44 MP: 14/14
  3096 | D:5      | Entered Level 5 of the Dungeon
  3172 | D:5      | Noticed an ice beast
  3213 | D:5      | Killed an ice beast
  3273 | D:5      | Reached XP level 7. HP: 50/50 MP: 15/15
  3605 | D:5      | Found a shadowy altar of Dithmenos.
  3696 | D:5      | HP: 2/46 [wight/+1 great sword of freezing (3)]
  3888 | D:5      | Reached XP level 8. HP: 33/52 MP: 16/16
  4069 | D:6      | Found Fowun's Vocational Training.
  4449 | D:6      | Found a radiant altar of Vehumet.
  4468 | D:6      | Noticed Grinder
  4468 | D:6      | Paralysed by Grinder for 4 turns
  4482 | D:6      | Paralysed by Grinder for 3 turns
  4486 | D:6      | Killed Grinder
  4674 | D:6      | Found a staircase to the Ecumenical Temple.
  4704 | Temple   | Entered the Ecumenical Temple
  4716 | Temple   | Became a worshipper of Cheibriados the Contemplative
  4746 | D:6      | Found a shimmering blue altar of Sif Muna.
  4882 | D:6      | Found a blossoming altar of Fedhas.
  4901 | D:6      | Noticed an oklob plant
  4947 | D:6      | Found a hazy altar of Hepliaklqana.
  4947 | D:6      | Found a hide-covered altar of Uskayaw.
  5000 | D:6      | Reached skill level 5 in Invocations
  5354 | D:7      | Reached XP level 9. HP: 55/65 MP: 18/18
  5543 | D:7      | Found Veinimei's General Store.
  5561 | D:7      | Noticed Maggie
  5564 | D:7      | Noticed Pikel
  5577 | D:7      | Killed Pikel
  5577 | D:7      | Killed Maggie
  5607 | D:7      | Reached * piety under Cheibriados
  5880 | D:7      | Noticed a manticore
  5881 | D:7      | Noticed a boulder beetle
  5956 | D:7      | Reached skill level 5 in Fighting
  5956 | D:7      | Reached skill level 5 in Short Blades
  5956 | D:7      | Reached skill level 5 in Long Blades
  5956 | D:7      | Reached skill level 5 in Axes
  5956 | D:7      | Reached skill level 5 in Maces & Flails
  5956 | D:7      | Reached skill level 5 in Polearms
  5956 | D:7      | Reached skill level 5 in Staves
  5956 | D:7      | Reached skill level 5 in Ranged Weapons
  5956 | D:7      | Reached skill level 5 in Armour
  5956 | D:7      | Reached skill level 5 in Dodging
  5956 | D:7      | Reached skill level 5 in Shields
  5956 | D:7      | Reached skill level 5 in Unarmed Combat
  5956 | D:7      | Reached skill level 5 in Evocations
  5956 | D:7      | Reached XP level 10. HP: 73/74 MP: 20/20
  6061 | D:7      | Killed an unseen horror
  6382 | D:7      | Noticed a deep elf pyromancer
  6399 | D:7      | Killed a deep elf pyromancer
  6400 | D:7      | Reached skill level 5 in Summonings
  6406 | D:7      | HP: 2/74 [orc/+0 flail (6)]
  6585 | D:7      | Killed a manticore
  6662 | D:7      | Reached ** piety under Cheibriados
  6932 | D:7      | Noticed a cyclops
  6933 | D:7      | Noticed an eight-headed hydra
  6948 | D:7      | Killed a cyclops
  6950 | D:7      | Slain by an eight-headed hydra

Illustrated notes

Levels and vault maps discovered:
D:1:      dpeg_arrival_pits, layout_loops_corners, corexii_leaking_fountain
D:2:      layout_basic, serial_shops, nicolae_shop_behind_doors
D:3:      layout_loops_ring
D:4:      layout_rooms, tgw_trog
D:5:      layout_basic, grunt_dithmenos_shadows, st_stairs_5
D:6:      layout_layer_cave, gammafunk_temple_overflow_statue,
          mainiacjoe_overflow_brackets, tgw_fedhas, mainiacjoe_overflow_paths,
          minmay_temple_entry_mini_moons, nicolae_shop_vocational, uniq_grinder
D:7:      nzn_winding_woodlands_large [nzn_winding_woodlands_5x5_checkerboard,
          nzn_winding_woodlands_5x15_cabin, nzn_winding_woodlands_5x5_three,
          nzn_winding_woodlands_center_diamonds,
          nzn_winding_woodlands_15x15_five_gardens,
          nzn_winding_woodlands_center_lodge, nzn_winding_woodlands_5x5_default,
          nzn_winding_woodlands_5x15_pockets, nzn_winding_woodlands_5x5_cross],
          layout_basic, minmay_shop_grid_forest, uniq_pikel, uniq_maggie
Temple:   cyrus_circular_temple

Skill      XL: |  1  2  3  4  5  6  7  8  9 10 |
---------------+-------------------------------+-----
Summonings     | 2 3 4 5 |  5.3
Spellcasting   | 5 6 7 |  7.8
Stealth        | 6 7 8 |  8.4
Fighting       | 1 2 3 5 |  5.8
Short Blades   | 1 2 3 5 |  5.8
Long Blades    | 1 2 3 5 |  5.8
Axes           | 1 2 3 5 |  5.8
Maces & Flails | 1 2 3 5 |  5.8
Polearms       | 1 2 3 5 |  5.8
Staves         | 1 2 3 5 |  5.8
Ranged Weapons | 1 2 3 5 |  5.8
Armour         | 1 2 3 5 |  5.8
Dodging        | 1 2 3 5 |  5.8
Shields        | 1 2 3 5 |  5.8
Unarmed Combat | 1 2 3 5 |  5.8
Evocations     | 1 2 3 5 |  5.8
Conjurations   | 1 2 3 4 |  4.8
Hexes          | 1 2 3 4 |  4.8
Necromancy     | 1 2 3 4 |  4.8
Translocations | 1 2 3 4 |  4.8
Transmutations | 1 2 3 4 |  4.8
Fire Magic     | 1 2 3 4 |  4.8
Ice Magic      | 1 2 3 4 |  4.8
Air Magic      | 1 2 3 4 |  4.8
Earth Magic    | 1 2 3 4 |  4.8
Poison Magic   | 1 2 3 4 |  4.8
Invocations    | 3 4 5 6 7 |  7.0
Throwing       | 7 8 |  8.9

Action                     |  1- 3 |  4- 6 |  7- 9 | 10-12 || total
---------------------------+-------+-------+-------+-------++-------
  Melee: Dagger            |   120 |   167 |   123 |       ||   410
         Bite              |     9 |    21 |    48 |    32 ||   110
         Punch             |     1 |     2 |     6 |    13 ||    22
         Spear             |       |       |   302 |   100 ||   402
         Trident           |       |       |       |   111 ||   111
   Cast: Summon Small Mamm |     1 |       |     7 |       ||     8
  Evoke: Wand              |       |       |     8 |     7 ||    15
    Use: Potion            |       |     1 |     1 |     3 ||     5
         Scroll            |       |       |    10 |     6 ||    16
   Stab: Sleeping          |    12 |     8 |     6 |     5 ||    31
         Invisible         |       |       |     3 |    11 ||    14
 Armour: Leather armour    |    42 |    51 |    88 |       ||   181
         Steam dragon scal |       |       |    95 |    83 ||   178
         Troll leather arm |       |       |       |    12 ||    12
  Dodge: Dodged            |    57 |    89 |   306 |   187 ||   639

Table legend: (Time is in decaauts)
 A = Elapsed time spent in this place.
 B = Non-inter-level travel time spent in this place.
 C = Inter-level travel time spent in this place.
 D = Time resting spent in this place.
 E = Time spent auto-exploring this place.
 F = Levels seen in this place.
 G = Mean time per level.
                   A        B        C        D        E       F      G
               +--------+--------+--------+--------+--------+-----+--------+
         Total |   7336 |   6996 |    340 |    317 |   4652 |   8 |  917.0 |
       Dungeon |   7309 |   6982 |    327 |    317 |   4650 |   7 | 1044.1 |
        Temple |     26 |     13 |     13 |      0 |      2 |   1 |   26.0 |
               +--------+--------+--------+--------+--------+-----+--------+

Top non-repeatable levels by time:
     D:7: 1743 daAuts
     D:6: 1565 daAuts
     D:2: 986 daAuts
     D:5: 888 daAuts
     D:1: 867 daAuts
     D:4: 715 daAuts
     D:3: 543 daAuts
  Temple: 26 daAuts
